 Dungeon Crawl Stone Soup version 0.31-a0-83-gbff143cfd1 (webtiles) character file.

Game seed: 2348896015190389551

165 pokeman the Magician (level 5, 0/29 HPs)
             Began as a Deep Elf Hedge Wizard on May 24, 2023.
             Slain by an orc wizard
             ... wielding a +0 dagger
              (3 damage)
             ... on level 4 of the Dungeon.
             The game lasted 00:06:42 (3401 turns).

pokeman the Magician (Deep Elf Hedge Wizard)        Turns: 3401, Time: 00:06:42

Health: 0/29       AC:  2    Str:  7    XL:     5   Next: 21%
Magic:  2/15       EV: 13    Int: 21    God:
Gold:   134        SH:  0    Dex: 14    Spells: 8/16 levels left

rFire   . . .        a - +0 dagger
rCold   . . .        (no shield)
rNeg    . . .        b - +0 robe
rPois   .            c - +0 hat
rElec   .            (no cloak)
rCorr   .            (no gloves)
SInv    .            (no boots)
Will    .....        (no amulet)
Stlth   ++           (no ring)
HPRegen 0.24/turn    (no ring)
MPRegen 0.14/turn

%: no passive effects
@: no status effects
A: no striking features
a: no special abilities


You were on level 4 of the Dungeon.
You visited 1 branch of the dungeon, and saw 4 of its levels.

You collected 134 gold pieces.

Inventory:

Hand Weapons
 a - a +0 dagger (weapon)
Armour
 b - a +0 robe (worn)
 c - a +0 hat (worn)
 p - the +3 buckler of Oblivion {Int+4 Stlth+}
   (You took it off a kobold on level 3 of the Dungeon)

   Int:       It affects your intelligence (+4).
   Stlth:     It makes you more stealthy.
Magical Staves
 e - a staff of fire
Jewellery
 l - a ring of fire
Scrolls
 f - 2 scrolls of identify {unknown}
 g - 2 scrolls of enchant armour {unknown}
 j - a scroll of immolation {unknown}
 k - 2 scrolls of teleportation {unknown}
 q - a scroll of blinking {unknown}
 s - a scroll of vulnerability {unknown}
 t - a scroll of brand weapon {unknown}
Potions
 d - 3 potions of magic
 h - a potion of invisibility {unknown}
 i - a potion of attraction {unknown}
 m - a potion of curing {unknown}
 n - 2 potions of mutation {unknown}
 o - a potion of degeneration {unknown}
 r - 2 potions of ambrosia {unknown}
 u - a potion of heal wounds {unknown}


   Skills:
 - Level 1.1 Fighting
 - Level 1.1 Armour
 + Level 3.0 Dodging
 - Level 3.0 Stealth
 + Level 0.0 Shields
 * Level 6.1 Spellcasting
 + Level 2.6 Conjurations
 - Level 1.1 Summonings
 - Level 1.1 Translocations


You had 8 spell levels left.
You knew the following spells:

 Your Spells              Type           Power      Damage    Failure   Level
a - Magic Dart            Conj           68%        1d6       3%          1
b - Mephitic Cloud        Conj/Pois/Air  5%         N/A       30%         3
c - Call Imp              Summ           22%        N/A       10%         2
d - Blink                 Tloc           22%        N/A       10%         2

Your spell library contained the following spells:

 Spells                   Type           Power      Damage    Failure   Level
 Apportation              Tloc           22%        N/A       6%          1
 Summon Small Mammal      Summ           44%        N/A       6%          1
 Necrotise                Necr           24%        1d5       10%         1
 Slow                     Hex            24%        N/A       10%         1
 Momentum Strike          Conj/Tloc      22%        3d8       10%         2
 Static Discharge         Conj/Air       16%        2-3/arc   12%         2
 Cigotuvi's Dreadful Rot  Necr/Pois/Air  4%         N/A       22%         2
 Cause Fear               Hex            3%         N/A       67%         4
 Dragon Form              Tmut           3%         N/A       100%        7
 Death's Door             Necr           3%         N/A       100%        9
 Dragon's Call            Summ           5%         N/A       100%        9


Dungeon Overview and Level Annotations

Branches:
Dungeon (4/15)
 Temple: D:4-7

Altars:
Nemelex Xobeh


Message History

Aim: an orc, wielding a +0 whip (confused, 100% to hit)
The magic dart hits the orc.
The orc is moderately wounded.
Something closely misses the orc wizard.
The orc wizard casts a spell at you.
The magic dart hits something!
Casting: Magic Dart (safe; 3% risk of failure)
Confirm with . or Enter, or press ? or * to list all spells.
Aiming: Magic Dart (safe; 3% risk of failure)
Press: ? - help, Shift-Dir - straight line, f/p - orc
Aim: an orc, wielding a +0 whip (moderately wounded, confused, 100% to hit)
The magic dart hits the orc but does no damage.
The orc is almost dead.
The orc hits you with a +0 dagger.
Unknown command.
Casting: Magic Dart (safe; 3% risk of failure)
Confirm with . or Enter, or press ? or * to list all spells.
You don't have enough magic to cast this spell.
Unknown command.
Unknown command.
The orc hits itself with a +0 whip.
The orc is killed!
Your magical contamination has completely faded away.
An orc wizard appears from thin air!
Reactivating autopickup.
The orc wizard attacks as you move away!
The orc wizard hits you but does no damage.
The orc wizard gestures at you while chanting.
You are confused.
The orc wizard points at you and mumbles some strange words.
The puff of flame hits you!
* * * LOW HITPOINT WARNING * * *
You bump into the rock wall.
There is a stone staircase leading up here.
In your confused state, you trip and fall back down the stairs.
* * * LOW HITPOINT WARNING * * *
You feel less confused. The orc wizard misses you.
The orc wizard hits you with a +0 dagger.
You die...

........... .# ..
.......... ...##.....
.......... #..........
......... #... ......
......... ..##......
........#####......#.##
#.................#..#
##......o##...........#
.......@####..........##
####.######.#..........#
# #.#....÷.......
#.#......##.....
#.#..............
#.#........♣......
#.#...........♣))..
.#........#....{o..
........#..♣♣....


You could see an orc wizard.

Vanquished Creatures
  Terence (D:2)
  3 gnolls (D:3)
  2 adders
  A shadow imp (D:4)
  A white imp (D:4)
  5 dart slugs
  2 orcs (D:4)
  6 ball pythons
  7 endoplasms
  A giant cockroach (D:2)
  9 goblins
  3 hobgoblins (D:3)
  4 jackals (D:3)
  3 quokkas
  3 bats
  A frilled lizard (D:2)
  7 kobolds
  3 rats
62 creatures vanquished.

Vanquished Creatures (collateral kills)
  A worm (D:2)
1 creature vanquished.

Grand Total: 63 creatures vanquished

Notes
Turn   | Place    | Note
-------+----------+-------------------------------------------
     0 | D:1      | pokeman the Deep Elf Hedge Wizard began the quest for the
                  | Orb.
     0 | D:1      | Reached XP level 1. HP: 10/10 MP: 7/7
   112 | D:1      | Got the Omnibus of Blasts and the Damned
   239 | D:1      | Reached XP level 2. HP: 11/16 MP: 1/9
   343 | D:1      | Found a faded altar of an unknown god.
   571 | D:1      | You fall into a shaft and drop 1 floor!
   700 | D:2      | Found a sparkling altar of Nemelex Xobeh.
   956 | D:1      | Reached skill level 5 in Spellcasting
  1299 | D:2      | Reached XP level 3. HP: 20/20 MP: 3/11
  1303 | D:2      | Learned a level 3 spell: Mephitic Cloud
  1306 | D:2      | Learned a level 2 spell: Call Imp
  1309 | D:2      | Learned a level 2 spell: Blink
  1690 | D:2      | Reached skill level 1 in Fighting
  2004 | D:2      | Noticed Terence
  2053 | D:2      | Killed Terence
  2054 | D:2      | Reached skill level 1 in Armour
  2054 | D:2      | Reached XP level 4. HP: 11/25 MP: 2/13
  2254 | D:3      | Identified the +3 buckler of Oblivion {Int+4 Stlth+}
  2660 | D:3      | Reached skill level 6 in Spellcasting
  2972 | D:3      | Reached XP level 5. HP: 29/29 MP: 13/15
  3401 | D:4      | Slain by an orc wizard

Illustrated notes

Levels and vault maps discovered:
D:1:      erik_arrival_blinker_ship, layout_basic,
          shapermc_ecumenical_altar_starsandcircs
D:2:      layout_loops_corners, basic_altar, uniq_terence
D:3:      layout_rooms, st_stairs_12
D:4:      wad_pebble_path, layout_cave_pools, serial_demonic, serial_demonic_g,
          serial_demonic_e, serial_demonic_c, serial_demonic_a,
          serial_demonic_d, serial_demonic_c, uniq_natasha, uniq_grinder,
          uniq_menkaure

Skill      XL: |  1  2  3  4  5 |
---------------+----------------+-----
Spellcasting   | 5 6 |  6.1
Fighting       | 1 |  1.1
Armour         | 1 |  1.1
Conjurations   | 2 |  2.6
Stealth        | 3 |  3.0
Dodging        | 3 |  3.0
Summonings     | |  1.1
Translocations | |  1.1

Action                     |  1- 3 |  4- 6 || total
---------------------------+-------+-------++-------
  Melee: Dagger            |    12 |    15 ||    27
   Cast: Magic Dart        |    75 |   101 ||   176
         Mephitic Cloud    |     3 |     3 ||     6
         Call Imp          |     2 |       ||     2
   Stab: Confused          |     1 |     1 ||     2
 Armour: Robe              |     2 |     5 ||     7
  Dodge: Dodged            |    11 |    16 ||    27

Table legend: (Time is in decaauts)
 A = Elapsed time spent in this place.
 B = Non-inter-level travel time spent in this place.
 C = Inter-level travel time spent in this place.
 D = Time resting spent in this place.
 E = Time spent auto-exploring this place.
 F = Levels seen in this place.
 G = Mean time per level.
                   A        B        C        D        E       F      G
               +--------+--------+--------+--------+--------+-----+--------+
         Total |   3400 |   3359 |     41 |      0 |   2935 |   4 |  850.0 |
       Dungeon |   3400 |   3359 |     41 |      0 |   2935 |   4 |  850.0 |
               +--------+--------+--------+--------+--------+-----+--------+

Top non-repeatable levels by time:
     D:2: 1206 daAuts
     D:1: 1027 daAuts
     D:3: 902 daAuts
     D:4: 263 daAuts
